 Dungeon Crawl Stone Soup version 0.31-a0-1447-g87ca8d402b (webtiles) character file.

Game seed: 6161124039442229310

653843 bmb222 the Conqueror (level 27, 0/414 (435) HPs)
             Began as an Oni Shapeshifter on Dec 26, 2023.
             Was the Champion of Qazlal.
             Killed from afar by a red draconian scorcher (28 damage)
             ... with damnation
             ... led by Tiamat
             ... on level 2 of the Realm of Zot on Dec 27, 2023.
             The game lasted 02:05:52 (59919 turns).

bmb222 the Conqueror (Oni Shapeshifter)            Turns: 59919, Time: 02:05:52

HP:   0/414 (435)   AC: 19    Str: 53    XL:     27
MP:   39/39         EV: 16    Int: 11    God:    Qazlal [******]
Gold: 5892          SH:  8    Dex:  6    Spells: 26/26 levels left

rFire   + +          +
                       - Unarmed
rCold   + . .        D - melded +2 kite shield {rF+}
rNeg    . . .        c - melded +5 faerie dragon scales {*Slow rC+++ Will- rCorr HP-2 Slay+5}
rPois   +            X - melded +2 hat {Will+}
rElec   .            s - melded scarf {rC+ rF+}
rCorr   +            (gloves unavailable)
SInv    .            (boots unavailable)
Will    ++++.        J - amulet "Axtacw" {Acrobat rPois Regen+ Str+7 Dex-2}
Stlth   +            i - ring of the Voivode {rF+++ Will+ MP+9}
HPRegen 1.69/turn    T - ring "Homaduek" {^Contam rC++ rCorr EV+5}
MPRegen 0.26/turn

%: repel missiles, acrobat
@: lethally poisoned (0 -> -1), dragon-form, protected from physical damage,
flying, studying Fire Magic, lightly drained
A: dragon claw, dragon scales, breathe fire, flying, boosted hp, giant,
unfitting armour, (horns 1), (tough skin 1), double potion healing, drunken
brawling, frail 1, strong-willed 1, mutation resistance 1
}: 5/15 runes: barnacled, slimy, silver, abyssal, gossamer
a: Breathe Fire, Begin Untransformation, Renounce Religion, Upheaval, Elemental
Force, Disaster Area


You were on level 2 of the Realm of Zot.
You worshipped Qazlal.
Qazlal was exalted by your worship.
You were a fearsome dragon!
You visited 12 branches of the dungeon, and saw 53 of its levels.
You visited the Abyss 1 time.
You visited 1 bazaar.
You also visited: Sewer, Ossuary, Bailey, Gauntlet, Volcano and Desolation.

You collected 9522 gold pieces.
You spent 3630 gold pieces at shops.

Inventory:

Missiles
 h - 17 javelins
 y - 31 curare-tipped darts
 U - 12 silver javelins
Armour
 c - the +5 faerie dragon scales (melded) {*Slow rC+++ Will- rCorr HP-2 Slay+5}
   (You took it off the Enchantress on level 4 of the Depths)

   Slay+5:    It affects your accuracy & damage with ranged weapons and melee
   (+5).
   rC+++:     It renders you almost immune to cold.
   Will-:     It decreases your willpower.
   HP-2:      It affects your health (-2).
   rCorr:     It protects you from acid and corrosion.
   *Slow:     It may slow you when you take damage.
 s - a scarf of resistance (melded)
 A - a +2 cloak of willpower
 D - a +2 kite shield of fire resistance (melded)
 G - an orb of mayhem
 X - a +2 hat of willpower (melded)
Jewellery
 i - the ring of the Voivode (left foreclaw) {rF+++ Will+ MP+9}
   (You took it off a minotaur in a Gauntlet)

   [ring of magical power]

   rF+++:     It renders you almost immune to fire.
   Will+:     It increases your willpower.
   MP+9:      It affects your magic capacity (+9).
 J - the amulet "Axtacw" (around neck) {Acrobat rPois Regen+ Str+7 Dex-2}
   (You found it in an ossuary)

   [amulet of the acrobat]

   Acrobat:   It increases your evasion while moving and waiting.
   Str+7:     It affects your strength (+7).
   Dex-2:     It affects your dexterity (-2).
   rPois:     It protects you from poison Regen+: It increases your rate of
   health regeneration.
 K - the ring "Iggiox" {^Drain rC+ rN+ Dex+4}
   (You found it in a Gauntlet)

   [ring of positive energy]

   Dex+4:     It affects your dexterity (+4).
   rC+:       It protects you from cold.
   rN+:       It protects you from negative energy.
   ^Drain:    It drains your maximum health when unequipped.
 M - the ring of the Tortoise {AC+8}
   (You found it in a Gauntlet)

   [ring of protection]

   AC+8:      It affects your AC (+8).
 T - the ring "Homaduek" (right foreclaw) {^Contam rC++ rCorr EV+5}
   (You found it in the Desolation of Salt)

   [ring of evasion]

   EV+5:      It affects your evasion (+5).
   rC++:      It greatly protects you from cold.
   ^Contam:   It causes magical contamination when unequipped.
   rCorr:     It protects you from acid and corrosion.
 W - the amulet "Riqirun" {Acrobat Rampage *Slow +Inv Str-5 Slay+4}
   (You found it in the Desolation of Salt)

   [amulet of the acrobat]

   Acrobat:   It increases your evasion while moving and waiting.
   Str-5:     It affects your strength (-5).
   Slay+4:    It affects your accuracy & damage with ranged weapons and melee
   (+4).
   +Inv:      It lets you turn invisible.
   *Slow:     It may slow you when you take damage.
   Rampage:   It bestows one free step when moving towards enemies.
Talismans
 p - a serpent talisman
 r - the death talisman of Conscience {rF- Str+5 Int+3}
   (You bought it in a shop on level 1 of the Vaults)

   [talisman of death]

   Str+5:     It affects your strength (+5).
   Int+3:     It affects your intelligence (+3).
   rF-:       It makes you vulnerable to fire.
 u - a granite talisman
 Y - a dragon-blood talisman (active)
 Z - a blade talisman
Wands
 b - a wand of flame (121)
 k - a wand of acid (56)
 o - a wand of charming (48)
 t - a wand of digging (42)
 z - a wand of mindburst (23)
 B - a wand of iceblast (66)
 R - a wand of polymorph (44)
Scrolls
 d - 10 scrolls of revelation
 e - 18 scrolls of teleportation
 j - 4 scrolls of torment
 m - 7 scrolls of fear
 n - 3 scrolls of blinking
 q - 6 scrolls of enchant armour
 E - 5 scrolls of immolation
 L - 10 scrolls of fog
 O - 4 scrolls of brand weapon
Potions
 a - 6 potions of ambrosia
 f - 19 potions of curing
 g - 8 potions of brilliance
 l - 6 potions of haste
 v - 4 potions of might
 w - 6 potions of magic
 x - 6 potions of heal wounds
 C - 12 potions of enlightenment
 H - 13 potions of lignification
 I - a potion of invisibility
 P - 4 potions of berserk rage
 Q - 3 potions of cancellation
 S - 5 potions of mutation
 V - 6 potions of resistance
Miscellaneous
 F - a phial of floods
 N - a tin of tremorstones (2/2)


   Skills:
 O Level 27 Fighting
 - Level 8.9 Armour
 - Level 21.7 Dodging
 - Level 0.7 Stealth
 - Level 15.2 Shields
 + Level 20.9 Unarmed Combat
 - Level 10.5 Invocations
 - Level 23.3 Shapeshifting


You had 26 spell levels left.
You didn't know any spells.
Your spell library contained the following spells:

 Spells                   Type           Power      Damage    Failure   Level
 Apportation              Tloc           0%         N/A       34%         1
 Foxfire                  Conj/Fire      0%         2x1d4     34%         1
 Freeze                   Ice            0%         1d3       34%         1
 Magic Dart               Conj           0%         1d3       34%         1
 Sandblast                Erth           0%         2d4       34%         1
 Shock                    Conj/Air       0%         1d3       34%         1
 Sting                    Conj/Alch      0%         1d3       34%         1
 Blink                    Tloc           0%         N/A       47%         2
 Call Imp                 Summ           0%         N/A       47%         2
 Ensorcelled Hibernation  Hex/Ice        0%         N/A       47%         2
 Jinxbite                 Hex            0%         N/A       47%         2
 Lesser Beckoning         Tloc           0%         N/A       47%         2
 Mercury Vapours          Alch/Air       0%         N/A       47%         2
 Momentum Strike          Conj/Tloc      0%         3d8       47%         2
 Scorch                   Fire           0%         2d5       47%         2
 Static Discharge         Conj/Air       0%         3-3/arc   47%         2
 Call Canine Familiar     Summ           0%         N/A       71%         3
 Confusing Touch          Hex            0%         N/A       71%         3
 Dazzling Flash           Conj/Hex       0%         N/A       71%         3
 Frozen Ramparts          Ice            0%         1d1       71%         3
 Fugue of the Fallen      Necr           0%         N/A       71%         3
 Gell's Gravitas          Tloc           0%         N/A       71%         3
 Hailstorm                Conj/Ice       0%         3d5       71%         3
 Mephitic Cloud           Conj/Alch/Air  0%         N/A       71%         3
 Ozocubu's Armour         Ice            0%         N/A       71%         3
 Passwall                 Erth           0%         N/A       71%         3
 Sigil of Binding         Hex            0%         N/A       71%         3
 Stone Arrow              Conj/Erth      0%         3d7       71%         3
 Summon Ice Beast         Ice/Summ       0%         N/A       71%         3
 Swiftness                Air            0%         N/A       71%         3
 Teleport Other           Tloc           0%         N/A       71%         3
 Tukima's Dance           Hex            0%         N/A       71%         3
 Vampiric Draining        Necr           0%         2d6       71%         3
 Airstrike                Air            0%         2d(0-16)  98%         4
 Animate Armour           Summ/Erth      0%         N/A       98%         4
 Animate Dead             Necr           0%         N/A       98%         4
 Brom's Barrelling Bould  Conj/Erth      0%         2d3       98%         4
 Cause Fear               Hex            0%         N/A       98%         4
 Dimensional Bullseye     Hex/Tloc       0%         N/A       98%         4
 Flame Wave               Conj/Fire      0%         2d4       98%         4
 Fulminant Prism          Conj/Alch      0%         3d5       98%         4
 Ignite Poison            Fire/Alch      0%         N/A       98%         4
 Leda's Liquefaction      Alch/Erth      0%         N/A       98%         4
 Passage of Golubria      Tloc           0%         N/A       98%         4
 Sticky Flame             Fire/Alch      0%         2d4       98%         4
 Summon Blazeheart Golem  Fire/Summ      0%         N/A       98%         4
 Summon Lightning Spire   Summ/Air       0%         N/A       98%         4
 Vhi's Electric Charge    Tloc/Air       0%         N/A       98%         4
 Alistair's Intoxication  Alch           0%         N/A       100%        5
 Arcjolt                  Conj/Air       0%         1d10      100%        5
 Borgnjor's Vile Clutch   Necr/Erth      0%         N/A       100%        5
 Curse of Agony           Necr           0%         N/A       100%        5
 Freezing Cloud           Conj/Ice/Air   0%         6-21      100%        5
 Iskenderun's Battlesphe  Conj           0%         2d6       100%        5
 Lee's Rapid Deconstruct  Erth           0%         3d4*      100%        5
 Metabolic Englaciation   Hex/Ice        0%         N/A       100%        5
 Silence                  Hex/Air        0%         N/A       100%        5
 Summon Forest            Summ/Tloc      0%         N/A       100%        5
 Summon Mana Viper        Hex/Summ       0%         N/A       100%        5
 Yara's Violent Unravell  Hex/Alch       0%         3d3       100%        5
 Bombard                  Conj/Erth      0%         9d1       100%        6
 Conjure Ball Lightning   Conj/Air       0%         3x3d6     100%        6
 Death Channel            Necr           0%         N/A       100%        6
 Dispersal                Tloc           0%         N/A       100%        6
 Eringya's Noxious Bog    Alch           0%         4d6       100%        6
 Plasma Beam              Fire/Air       0%         2x1d10    100%        6
 Sculpt Simulacrum        Ice/Alch       0%         N/A       100%        6
 Starburst                Conj/Fire      0%         6d3       100%        6
 Summon Cactus Giant      Summ           0%         N/A       100%        6
 Monstrous Menagerie      Summ           0%         N/A       100%        7
 Ozocubu's Refrigeration  Ice            0%         4d7       100%        7
 Spellforged Servitor     Conj/Summ      0%         N/A       100%        7
 Summon Hydra             Summ           0%         N/A       100%        7
 Discord                  Hex            0%         N/A       100%        8
 Disjunction              Tloc           0%         N/A       100%        8
 Ignition                 Fire           0%         3d3       100%        8
 Lehudib's Crystal Spear  Conj/Erth      0%         10d2      100%        8
 Maxwell's Capacitive Co  Air            0%         ∞         100%        8
 Summon Horrible Things   Summ           0%         N/A       100%        8
 Dragon's Call            Summ           0%         N/A       100%        9
 Polar Vortex             Ice            0%         N/A       100%        9


Dungeon Overview and Level Annotations

Branches:
Dungeon (15/15)            Temple (1/1) D:4            Lair (5/5) D:11
 Shoals (4/4) Lair:2       Spider (4/4) Lair:3        Slime (5/5) Lair:5
    Orc (2/2) D:9             Elf (3/3) Orc:2        Vaults (5/5) D:14
  Crypt (3/3) Vaults:3       Tomb (0/3) Crypt:3      Depths (4/4) D:15
    Zot (2/5) Depths:4      Sewer (visited)         Ossuary (visited)
 Bailey (visited)         Volcano (visited)         Desolation (visited)
Gauntlet (visited)

Altars:
Ashenzari
Cheibriados
Dithmenos
Elyvilon
Fedhas
Gozag
Hepliaklqana
Kikubaaqudgha
Makhleb
Nemelex Xobeh
Okawaru
Qazlal
Ru
Sif Muna
Trog
Uskayaw
Vehumet
Wu Jian
Xom
Yredelemnul
Zin
The Shining One
Jiyva

Shops:
D:7 :   Orc:2 [:*(!   Elf:2 (   Elf:3 ?*:   Shoals:2 !   Shoals:3 [
Vaults:1 (===   Vaults:5 [=   Depths:1 (   Depths:2 (

Portals:
Hell: Depths:1 Depths:2 Depths:3 Depths:4
Abyss: Depths:3 Depths:4
Pandemonium: Depths:2 Depths:3
Ziggurat: Depths:4
Trove: D:14 (give 4 scrolls of blinking)

Annotations:
Lair:3 2 transporters
Elf:2 3 runed translucent doors
Depths:2 exclusion: oklob plant
Zot:2 Tiamat


Innate Abilities, Weirdness & Mutations

You are a fearsome dragon!
You have a powerful clawing attack.
Your giant scaled body is strong and resilient, but less evasive.
You can breathe fire.
You are flying.
Your maximum health is greatly increased.
Your armour is entirely melded.
You are incapable of wielding weapons or throwing items.
You are too large for most types of armour.
((You have a pair of small horns on your head.))
((You have tough skin. (AC +1)))
You gain doubled healing and magic from potions.
Whenever you drink a healing potion, you attack all around you.
You are frail. (-10% HP)
You are strong-willed. (Will+)
You are somewhat resistant to further mutation.


Message History

Unknown command.
You maul Tiamat!!!
You bite Tiamat.
Tiamat is almost dead.
You feel extremely sick. The purple draconian barely misses you.
The white draconian hits you but does no damage.
Tiamat seems to slow down.
Tiamat hits you with a +4 bardiche of venom!!!
* * * LOW HITPOINT WARNING * * *
Tiamat tail-slaps you!
* * * LOW HITPOINT WARNING * * *
The red draconian scorcher is engulfed in blazing flames.
The red draconian scorcher hits you but does no damage.
The yellow draconian hits you from afar with a +0 halberd!
* * * LOW HITPOINT WARNING * * *
Blink to where?
Press: ? - help, Dir - move target, p - purple draconian
As you read the scroll of blinking, it crumbles to dust.
You feel extremely sick.
You feel extremely sick.
You feel very sick.
You feel very sick.
You see here a +0 hand axe.
You feel very sick.
You feel very sick.
You feel very sick.
You feel sick.
You feel sick.
You feel sick.
The purple draconian breathes dispelling energy at you.
The bolt of dispelling energy is repelled.
There is a stone staircase leading up here.
You can't go down here!
Unknown command.
Unknown command.
Unknown command.
You feel sick.
The red draconian scorcher gestures at you while chanting.
The sphere of damnation explodes!
The damnation engulfs you!!
You die...

##### ##### #...# ###...#
####...# #..§..##
#......#####°.D.§.########
#.......d...○.○°.[........
#.......)...°☼†.☼.[)......
#......q...####...###...##
#....###...# #...# .#
#....# ##### ##### ####..#
#..)..# #.....#


You could see a purple draconian and a red draconian scorcher.

Vanquished Creatures
  the Royal Jelly (Slime:5)
  Dissolution (Slime:1)
  3 dread liches
  Frederick (Vaults:2)
  2 ancient liches
  Mennas (Depths:4)
  2 juggernauts
  Mara (Shoals:4)
  Bai Suzhen (Elf:3)
  A curse toe (Zot:1)
  10 golden dragons
  the Enchantress (Depths:4)
  A profane servitor (Abyss:1)
  An electric golem (Zot:1)
  Arachne (Spider:3)
  6 bone dragons
  3 doom hounds (Zot:1)
  Jorgrun (Orc:2)
  A hellephant (Vaults:2)
  4 tentacled monstrosities
  Rupert (Orc:2)
  A shard shrike skeleton (Crypt:3)
  Mlioglotl (Spider:3)
  6 liches
  Grunn (Zot:1)
  Asterion (Spider:3)
  6 quicksilver dragons
  2 deep elf blademasters (Elf:3)
  6 titans
  2 deep elf master archers (Elf:3)
  22 acid blobs
  An Executioner (Abyss:4)
  6 sphinxes
  Gastronok (Lair:3)
  2 death cobs
  7 tentacled starspawn
  2 ancient champions (Crypt:1)
  Polyphemus (Shoals:3)
  A thorn hunter (Abyss:5)
  11 storm dragons
  Roxanne (Spider:1)
  Aizul (Spider:1)
  Ilsuiw (Shoals:3)
  16 rockslimes
  2 protean progenitors (Zot:1)
  12 shadow dragons
  A daeva (Abyss:2)
  11 tengu reavers
  3 revenants
  Donald (Spider:2)
  2 draconian monks (Zot:2)
  3 ghost moths
  3 draconian knights
  2 iron dragons (Depths:4)
  8 fire giants
  8 frost giants
  10 deep elf sorcerers
  7 emperor scorpions
  7 azure jellies
  2 draconian scorchers (Zot:1)
  16 vault wardens
  7 ghouls
  2 imperial myrmidons (Desolation)
  A draconian shifter (Zot:1)
  A balrug (Abyss:5)
  4 deep elf elementalists
  7 curse skulls
  A juggernaut zombie (Depths:4)
  A draconian annihilator (Zot:1)
  A reaper (Abyss:1)
  8 spriggan defenders
  13 quicksilver oozes
  19 very ugly things
  A cacodemon (Abyss:5)
  21 ironbound preservers
  3 orc warlords
  8 formless jellyfish
  14 stone giants
  9 vampire knights
  Nessos (Lair:4)
  5 broodmothers
  11 deep elf demonologists
  5 ironbound thunderhulks
  A black draconian (Zot:1)
  8 dire elephants
  2 halazid warlocks (Desolation)
  4 purple draconians
  Azrael (Orc:2)
  6 deep elf death magi
  A minotaur (Gauntlet)
  11 war gargoyles
  3 red draconians
  10 deep elf annihilators
  9 spark wasps
  8 yellow draconians
  18 ettins
  4 white draconians (Zot:1)
  A blizzard demon (Depths:3)
  An acid blob zombie (Crypt:2)
  A green death (Depths:2)
  4 crystal guardians
  5 eidola
  3 deep elf high priests
  9 merfolk javelineers
  8 merfolk impalers
  8 jiangshi
  5 fire dragons
  2 servants of whispers (Desolation)
  9 yaktaur captains
  10 entropy weavers
  11 ice dragons
  13 great orbs of eyes
  8 peacekeepers
  32 vault guards
  Josephine (D:13)
  9 rakshasas
  2 ogre magi
  6 spriggan air magi
  9 ironbound frosthearts
  5 centaur warriors
  4 hydras
  4 ragged hierophants (Desolation)
  A radroach (Spider:2)
  12 boulder beetles
  A catoblepas (Shoals:3)
  2 spriggan skeletons
  A fenstrider witch skeleton (Crypt:3)
  5 merfolk aquamancers (Shoals:4)
  2 death knights (Crypt:1)
  An anaconda (shapeshifter) (Vaults:5)
  6 death yaks
  5 merfolk avatars
  An alligator snapping turtle (Shoals:4)
  3 satyrs
  6 deep troll shamans
  3 occultists
  6 two-headed ogres
  7 deep troll earth magi
  A naga warrior (Abyss:4)
  6 spriggan berserkers
  6 vampire magi
  8 demonic crawlers
  11 tengu warriors
  20 dancing weapons
  12 thrashing horrors
  A spectral dire elephant (Lair:5)
  Sonja (D:12)
  An orc high priest (Orc:2)
  9 deep elf knights
  A titan zombie (Crypt:3)
  A storm dragon zombie (D:15)
  A fire crab (shapeshifter) (Depths:3)
  17 hell knights
  11 wretched stars
  An iron troll (Depths:3)
  A skyshark (shapeshifter) (Vaults:5)
  6 sixfirhies
  3 soul eaters
  3 sun demons
  A shadow wraith (Crypt:1)
  27 skeletal warriors
  A storm dragon skeleton (Crypt:3)
  6 skysharks
  A spectral death yak (Lair:5)
  2 anaconda zombies (Crypt:3)
  11 sea snakes
  An elf simulacrum (Crypt:1)
  3 pharaoh ants
  2 golden dragon zombies
  A bunyip zombie (Crypt:3)
  15 orb spiders
  A spectral anaconda (Lair:5)
  4 glowing orange brains
  A death drake (shapeshifter) (Vaults:5)
  An orange crystal statue (Elf:2)
  A bog body (Crypt:1)
  59 deep trolls
  14 deep elf archers
  3 flayed ghosts
  2 obsidian statues
  4 sun moths
  20 ironbound convokers
  A shadow demon (Depths:3)
  Pikel (D:7)
  9 harpies
  A swamp dragon (shapeshifter) (Depths:3)
  2 lindwurms (Depths:2)
  A swamp dragon (Abyss:5)
  6 steelbarb worms
  An anaconda skeleton (Crypt:1)
  2 human zombies (Vaults:3)
  8 arcanists
  15 orc knights
  36 deep elf pyromancers
  15 deep elf zephyrmancers
  A shadow dragon skeleton (Crypt:3)
  A worldbinder (Abyss:5)
  24 necromancers
  9 phantasmal warriors
  A cyclops (shapeshifter) (Depths:4)
  44 ugly things
  5 fauns
  4 orc sorcerers
  A faun (shapeshifter) (Vaults:5)
  2 stone giant zombies
  An alligator skeleton (Crypt:1)
  8 cyclopes
  14 large abominations
  18 wolf spiders
  7 shining eyes
  16 manticores
  A meliai (shapeshifter) (D:13)
  12 moths of wrath
  10 water nymphs
  2 meliai (Spider:2)
  3 apocalypse crabs
  13 merfolk sirens
  An elf zombie (Vaults:4)
  4 guardian serpents
  A naga mage (Abyss:4)
  4 molten gargoyles
  A moth of wrath (shapeshifter) (Vaults:5)
  2 black mambas
  A fire giant skeleton (Vaults:4)
  16 elephants
  15 cane toads
  A dire elephant zombie (Crypt:1)
  16 vault sentinels
  5 smoke demons
  A gargoyle (D:11)
  4 torpor snails
  7 eyes of devastation
  2 orange demons (Abyss:5)
  A hellion (Gauntlet)
  A dire elephant skeleton (Crypt:3)
  A rime drake (Lair:4)
  A centaur skeleton (Crypt:3)
  An unseen horror (Abyss:1)
  A yaktaur zombie (Vaults:4)
  A steelbarb worm zombie (Crypt:2)
  Jeremiah (D:7)
  A death yak zombie (Crypt:1)
  4 efreet
  7 freezing wraiths
  8 komodo dragons
  28 yaktaurs
  3 tormentors
  5 tengu conjurers
  2 kobold demonologists
  A grey draconian skeleton (Crypt:1)
  A hydra zombie (Crypt:1)
  A silent spectre (Abyss:4)
  4 trolls
  A harpy zombie (Abyss:4)
  7 ancient zymes
  35 merfolk
  A hellwing (Abyss:1)
  A polar bear (Lair:4)
  A red devil (Gauntlet)
  17 wind drakes
  8 hornets
  23 tarantellas
  A mana viper skeleton (Crypt:2)
  A glass eye (shapeshifter) (Vaults:5)
  56 saltlings (Desolation)
  10 snapping turtles
  17 blink frogs
  4 dream sheep (Shoals:2)
  2 harpy skeletons (Crypt:1)
  A snapping turtle (shapeshifter) (Depths:4)
  2 dream sheep (shapeshifter) (Vaults:5)
  2 ice dragon zombies
  2 spectral elephants (Lair:5)
  6 glass eyes
  2 spriggan zombies
  An ettin zombie (Crypt:1)
  114 slime creatures
  17 raiju
  2 vampires
  26 culicivoras
  A slime creature (shapeshifter) (Depths:2)
  17 water elementals
  8 ynoxinuls
  22 jumping spiders
  4 centaur simulacra
  3 ettin skeletons
  9 spriggans
  11 air elementals
  An ice dragon skeleton (Crypt:1)
  8 small abominations
  2 shadows
  A fire dragon skeleton (Crypt:1)
  A fire bat (Abyss:1)
  11 wraiths
  39 yaks
  8 fire elementals
  18 humans (D:14)
  A dire elephant simulacrum (Crypt:1)
  A black mamba skeleton (Abyss:1)
  4 golden eyes (Slime:5)
  30 starcursed masses
  3 basilisks
  2 neqoxecs (Abyss:4)
  2 wargs (Orc:2)
  4 wyverns
  A wind drake skeleton (Crypt:1)
  2 death yak simulacra (Lair:5)
  2 steam dragons
  48 redbacks
  3 chaos spawn
  Menkaure (D:7)
  12 vampire mosquitoes
  A swamp worm (shapeshifter) (Depths:4)
  A hydra simulacrum (Gauntlet)
  2 spectral cane toads (Lair:5)
  An acid dragon (D:11)
  4 hell hounds
  15 water moccasins
  Duvessa (D:5)
  32 orc warriors
  An ice beast (shapeshifter) (D:15)
  A swamp drake (Depths:2)
  A sky beast (Abyss:1)
  An elephant zombie (Lair:5)
  6 ogres
  4 ice beasts
  3 black bears
  35 laughing skulls
  10 wolves (Lair:4)
  3 centaurs
  2 elephant skeletons (Lair:5)
  2 human skeletons (Vaults:4)
  A lemure (D:7)
  9 kobold brigands
  2 brain worms (Sewer)
  3 weeping skulls
  A warg zombie (Crypt:2)
  6 earth elementals
  13 bullfrogs
  2 necrophages
  4 scorpions
  8 wights (D:7)
  Dowan (D:5)
  12 killer bees
  3 elephant simulacra (Lair:5)
  13 howler monkeys
  A shapeshifter skeleton (Crypt:1)
  2 bullfrog zombies (Ossuary)
  3 hounds
  An iron imp (Abyss:1)
  A gnoll bouda (D:5)
  2 jellies
  18 orc priests
  2 scorpion zombies (Crypt:1)
  5 iguanas
  20 orc wizards
  4 crocodile zombies (Ossuary)
  5 hound zombies (Ossuary)
  11 mummies (Ossuary)
  4 howler monkey zombies (Ossuary)
  8 adders
  8 gnolls
  A howler monkey skeleton (Crypt:2)
  5 river rats
  A shadow imp (D:7)
  5 white imps
  4 ufetubi (Abyss:1)
  3 worms
  7 dart slugs
  58 orcs
  6 bats
  5 endoplasms
  5 giant cockroaches
  9 goblins
  6 hobgoblins
  9 jackals
  45 kobolds
  3 quokkas
  6 ball pythons
  4 ball python zombies
  8 frilled lizards
  10 rats
  2 aspiring fleshes (Zot:1)
  3 lurking horrors
  2 starspawn tentacles
2599 creatures vanquished.

Vanquished Creatures (collateral kills)
  Margery (Vaults:2)
  Saint Roka (Orc:2)
  A spriggan defender (Depths:1)
  A deep elf high priest (Vaults:2)
  A ragged hierophant (Desolation)
  A deep troll (Vaults:2)
  An orc knight (Orc:2)
  A meliai (Spider:2)
  A warg (Orc:2)
  A redback (Spider:3)
  5 orc warriors (Orc:2)
  An ogre (Orc:2)
  An orc priest (Orc:2)
  A hound (D:4)
  An orc wizard (Orc:2)
  2 orcs (Orc:2)
  A kobold (D:4)
22 creatures vanquished.

Vanquished Creatures (others)
  A golden dragon (Zot:1)
  A deep elf knight (Elf:1)
  A skeletal warrior (Crypt:3)
  A deep troll (Depths:1)
  2 deep elf pyromancers
  Maurice (D:7)
  A tarantella (Spider:1)
  A redback (Spider:4)
  A laughing skull (Crypt:3)
  2 orc wizards (Orc:2)
  2 orcs (D:6)
  2 lurking horrors (Abyss:5)
  10 starspawn tentacles
26 creatures vanquished.

Grand Total: 2647 creatures vanquished

Notes
Turn   | Place    | Note
-------+----------+-------------------------------------------
     0 | D:1      | bmb222 the Oni Shapeshifter began the quest for the Orb.
     0 | D:1      | Reached XP level 1. HP: 19/19 MP: 1/1
   131 | D:1      | Reached XP level 2. HP: 26/28 MP: 2/2
   241 | D:1      | Got the Encyclopedia of Ashes and Ill Luck
   254 | D:1      | Found a faded altar of an unknown god.
   257 | D:1      | Reached skill level 2 in Fighting
   447 | D:1      | Reached XP level 3. HP: 35/35 MP: 3/3
  1542 | D:2      | Reached XP level 4. HP: 30/44 MP: 4/4
  1632 | D:3      | Reached skill level 3 in Fighting
  1814 | D:3      | Reached XP level 5. HP: 23/53 MP: 5/5
  2229 | D:4      | Noticed a black bear
  2302 | D:4      | Noticed an ice beast
  2315 | D:4      | Killed an ice beast
  2316 | D:4      | Reached skill level 4 in Fighting
  2316 | D:4      | Reached XP level 6. HP: 44/62 MP: 6/6
  2324 | D:4      | Found a snail-covered altar of Cheibriados.
  2337 | D:4      | Killed a black bear
  2444 | D:4      | Found an iron altar of Okawaru.
  2577 | D:4      | Found a glowing drain.
  2581 | Sewer    | Entered a sewer
  2602 | Sewer    | Reached XP level 7. HP: 70/71 MP: 7/7
  2792 | Sewer    | Reached skill level 5 in Fighting
  3794 | D:4      | Reached XP level 8. HP: 47/83 MP: 8/8
  4034 | D:4      | Found a staircase to the Ecumenical Temple.
  4043 | Temple   | Entered the Ecumenical Temple
  4059 | Temple   | Became a worshipper of Qazlal Stormbringer
  4118 | D:5      | Entered Level 5 of the Dungeon
  4125 | D:5      | Reached skill level 6 in Fighting
  4125 | D:5      | Reached skill level 5 in Shapeshifting
  4283 | D:5      | Reached skill level 5 in Unarmed Combat
  4845 | D:5      | Noticed Duvessa
  4846 | D:5      | Noticed Dowan
  4861 | D:5      | Killed Duvessa
  4876 | D:5      | Killed Dowan
  5160 | D:5      | Reached skill level 5 in Dodging
  5217 | D:5      | Reached * piety under Qazlal
  5218 | D:5      | Reached skill level 7 in Fighting
  5611 | D:6      | Noticed a two-headed ogre
  5625 | D:6      | Killed a two-headed ogre
  5626 | D:6      | Reached XP level 9. HP: 21/96 MP: 9/9
  5896 | D:6      | Found a sacrificial altar of Ru.
  6001 | D:6      | Reached skill level 8 in Fighting
  6824 | D:7      | Found a sand-covered staircase.
  6847 | Ossuary  | Entered an ossuary
  6909 | Ossuary  | Identified the amulet "Axtacw" {Acrobat rPois Regen+ Str+7
                  | Dex-2}
  7173 | Ossuary  | Reached skill level 9 in Fighting
  7201 | Ossuary  | Reached XP level 10. HP: 107/107 MP: 10/10
  7428 | D:7      | Gained mutation: You passively dampen the noise of your
                  | surroundings. [potion of mutation]
  7428 | D:7      | Gained mutation: Your body sometimes deteriorates upon
                  | taking damage. [potion of mutation]
  7428 | D:7      | Gained mutation: Your magical capacity is low. (-10% MP)
                  | [potion of mutation]
  7428 | D:7      | Gained mutation: Your muscles are strong. (Str +4, Int/Dex
                  | -1) [potion of mutation]
  7553 | D:7      | Found Piffubb's Book Boutique.
  7605 | D:7      | Reached ** piety under Qazlal
  7629 | D:7      | Noticed Pikel
  7638 | D:7      | Killed Pikel
  7714 | D:7      | Noticed Jeremiah
  7864 | D:7      | Killed Jeremiah
  8070 | D:7      | Noticed Maurice
  8074 | D:7      | Something stole the amulet "Axtacw" {Acrobat rPois Regen+
                  | Str+7 Dex-2}
  8076 | D:7      | Something stole 371 gold
  8080 | D:7      | Killed Maurice
  8171 | D:7      | Noticed Menkaure
  8173 | D:7      | Killed Menkaure
  8189 | D:7      | Reached skill level 10 in Fighting
  8766 | D:8      | Reached *** piety under Qazlal
  8780 | D:8      | Found a flagged portal.
  8786 | Bailey   | Entered a bailey
  9204 | D:8      | Reached XP level 11. HP: 119/119 MP: 9/9
  9826 | D:9      | Reached skill level 11 in Fighting
 10236 | D:9      | Reached **** piety under Qazlal
 10539 | D:9      | Found a staircase to the Orcish Mines.
 10687 | D:10     | Entered Level 10 of the Dungeon
 10854 | D:10     | Found a hazy altar of Hepliaklqana.
 11005 | D:10     | Found a shimmering blue altar of Sif Muna.
 11010 | D:10     | Found a white marble altar of Elyvilon.
 11014 | D:10     | Found a sparkling altar of Nemelex Xobeh.
 11096 | D:10     | Reached skill level 1 in Invocations
 11149 | D:10     | Found a burning altar of Makhleb.
 11279 | D:10     | Found a radiant altar of Vehumet.
 11523 | D:11     | Found a staircase to the Lair.
 11542 | D:11     | Noticed a two-headed ogre
 11550 | D:11     | Killed a two-headed ogre
 11705 | D:11     | Reached XP level 12. HP: 122/132 MP: 13/13
 11897 | D:11     | Found a glowing golden altar of the Shining One.
 12002 | D:11     | Noticed a two-headed ogre
 12006 | D:11     | Noticed a two-headed ogre
 12011 | D:11     | Killed a two-headed ogre
 12019 | D:11     | Killed a two-headed ogre
 12020 | D:11     | Reached skill level 5 in Invocations
 12075 | D:11     | Reached skill level 10 in Shapeshifting
 12358 | D:11     | Noticed a boulder beetle
 12362 | D:11     | Killed a boulder beetle
 12545 | Lair:1   | Entered Level 1 of the Lair of Beasts
 12549 | Lair:1   | Noticed a boulder beetle
 12560 | Lair:1   | Killed a boulder beetle
 12564 | Lair:1   | Reached skill level 12 in Fighting
 12658 | Lair:1   | Reached ***** piety under Qazlal
 13147 | Lair:1   | Reached skill level 10 in Invocations
 13400 | Lair:2   | Reached skill level 13 in Fighting
 13408 | Lair:2   | Reached XP level 13. HP: 144/144 MP: 18/18
 13510 | Lair:2   | Reached skill level 10 in Unarmed Combat
 13654 | Lair:2   | Identified the +3 short sword of the Firefly {antimagic,
                  | Int+2}
 13827 | Lair:2   | Found a staircase to the Shoals.
 14043 | Lair:3   | Reached skill level 14 in Fighting
 14081 | Lair:3   | Found a transporter.
 14243 | Lair:3   | Noticed Gastronok
 14261 | Lair:3   | Killed Gastronok
 14339 | Lair:3   | Got Sif Muna's Vellum of Spellbinding
 14363 | Lair:3   | Reached skill level 15 in Fighting
 14365 | Lair:3   | Found a hole to the Spider Nest.
 14493 | Lair:3   | Found a transporter.
 15128 | Lair:4   | Lost mutation: You passively dampen the noise of your
                  | surroundings. [potion of mutation]
 15128 | Lair:4   | Lost mutation: Your body sometimes deteriorates upon taking
                  | damage. [potion of mutation]
 15128 | Lair:4   | Lost mutation: Your magical capacity is low. (-10% MP)
                  | [potion of mutation]
 15128 | Lair:4   | Gained mutation: Your magical capacity is low. (-10% MP)
                  | [potion of mutation]
 15128 | Lair:4   | Gained mutation: Your skin changes colour to match your
                  | surroundings (Stealth+). [potion of mutation]
 15196 | Lair:4   | Noticed Nessos
 15205 | Lair:4   | Killed Nessos
 15253 | Lair:4   | Identified the scarf "Ygodoy" {+Inv, Stlth+}
 15660 | Lair:5   | Entered Level 5 of the Lair of Beasts
 15670 | Lair:5   | Reached XP level 14. HP: 161/161 MP: 19/19
 15673 | Lair:5   | Reached skill level 16 in Fighting
 15792 | Lair:5   | Reached ****** piety under Qazlal
 15854 | Lair:5   | Found a staircase to the Slime Pits.
 15855 | Lair:5   | Found a viscous altar of Jiyva.
 16106 | Lair:5   | Noticed a dire elephant
 16106 | Lair:5   | Noticed a dire elephant
 16111 | Lair:5   | Noticed a dire elephant
 16118 | Lair:5   | Killed a dire elephant
 16220 | Lair:5   | Reached skill level 17 in Fighting
 16422 | Lair:5   | Gained mutation: You occasionally lose the ability to drink
                  | potions when taking damage. [a neqoxec]
 16545 | Lair:5   | Killed a dire elephant
 16554 | Lair:5   | Killed a dire elephant
 16559 | Lair:5   | HP: 6/199 [dire elephant simulacrum[a necromancer] (10)]
 17305 | Orc:1    | Entered Level 1 of the Orcish Mines
 17490 | Orc:2    | Entered Level 2 of the Orcish Mines
 17504 | Orc:2    | Noticed Jorgrun
 17533 | Orc:2    | Killed Jorgrun
 17551 | Orc:2    | Found Tooblezao's Distillery.
 17559 | Orc:2    | Found a staircase to the Elven Halls.
 17578 | Orc:2    | Noticed Rupert
 17593 | Orc:2    | Killed Rupert
 17619 | Orc:2    | Found a dark tunnel.
 17628 | Volcano  | Entered a volcano
 17917 | Orc:2    | Noticed Saint Roka
 17920 | Orc:2    | Reached XP level 15. HP: 169/174 MP: 14/20
 18107 | Orc:2    | Found Obaa's Book Boutique.
 18118 | Orc:2    | Killed Saint Roka
 18129 | Orc:2    | Noticed Azrael
 18137 | Orc:2    | Killed Azrael
 18376 | Orc:2    | Found Aliuxeife's General Store.
 18540 | Orc:2    | Found Rerch's Antique Weapon Boutique.
 18554 | Orc:2    | Found Inistru's Antique Armour Boutique.
 19311 | D:12     | Noticed Sonja
 19316 | D:12     | Killed Sonja
 19951 | D:13     | Noticed Josephine
 19962 | D:13     | Killed Josephine
 20205 | D:13     | Reached skill level 15 in Shapeshifting
 20875 | D:14     | Reached XP level 16. HP: 183/183 MP: 21/21
 21116 | D:14     | Found a portal to a secret trove of treasure.
 21374 | D:14     | Found a gate to the Vaults.
 21462 | D:15     | Entered Level 15 of the Dungeon
 21462 | D:15     | Found a gate leading to a gauntlet.
 21496 | Gauntlet | Entered a Gauntlet
 21496 | Gauntlet | Found a transporter.
 21499 | Gauntlet | Found a runed translucent door.
 21499 | Gauntlet | Found a transporter.
 21503 | Gauntlet | Found a transporter.
 21505 | Gauntlet | Found a transporter.
 21510 | Gauntlet | Found a transporter.
 21510 | Gauntlet | Found a transporter.
 21514 | Gauntlet | Found a transporter.
 21515 | Gauntlet | Found a transporter.
 21660 | Gauntlet | Found a transporter.
 21678 | Gauntlet | Found a transporter.
 21925 | Gauntlet | Identified the ring of the Voivode {rF+++ Will+ MP+9}
 21942 | Gauntlet | Found the ring of the Tortoise {AC+8}
 21945 | Gauntlet | Identified the staff of Gyvyec {rPois Ice Alchemy}
 21945 | Gauntlet | Identified the ring "Iggiox" {^Drain rC+ rN+ Dex+4}
 21945 | Gauntlet | Identified the +5 dagger of Fate {freeze, +Blink rElec rF++
                  | Stlth-}
 21997 | D:15     | Found a staircase to the Depths.
 22148 | D:15     | Found a snail-covered altar of Cheibriados.
 22476 | D:15     | Found the +5 robe of Night {Dark Will+ SInv}
 22700 | Depths:1 | Entered Level 1 of the Depths
 22759 | Depths:1 | Identified the +2 quarterstaff of a wizard's laboratory
                  | {speed, rElec Int+4}
 22783 | Depths:1 | Found Ruydi Xamm's Weapon Shop.
 22824 | Depths:1 | Noticed a tengu reaver
 22841 | Depths:1 | Killed a tengu reaver
 23103 | Depths:1 | Found a gateway to Hell.
 23233 | Depths:1 | Noticed a sphinx
 23291 | Depths:1 | Killed a sphinx
 23292 | Depths:1 | Reached skill level 10 in Dodging
 23316 | Depths:1 | Reached XP level 17. HP: 74/191 MP: 22/22
 23751 | Depths:1 | Found an iron altar of Okawaru.
 24457 | Spider:1 | Entered Level 1 of the Spider Nest
 24763 | Spider:1 | Upgraded the game from 0.31-a0-1424-g2add1c7226 to
                  | 0.31-a0-1447-g87ca8d402b
 25095 | Spider:1 | Noticed Roxanne
 25184 | Spider:1 | Killed Roxanne
 25388 | Spider:1 | Identified the serpent talisman of Activism {rC- Dex+4}
 25388 | Spider:1 | Noticed Aizul
 25403 | Spider:1 | Killed Aizul
 25622 | Spider:1 | Lost mutation: Your magical capacity is low. (-10% MP)
                  | [potion of mutation]
 25622 | Spider:1 | Lost mutation: Your muscles are strong. (Str +4, Int/Dex
                  | -1) [potion of mutation]
 25622 | Spider:1 | Gained mutation: You occasionally lose the ability to read
                  | scrolls when taking damage. [potion of mutation]
 25622 | Spider:1 | Gained mutation: Your muscles are strong. (Str +4, Int/Dex
                  | -1) [potion of mutation]
 26109 | Spider:2 | You fall into a shaft and drop 1 floor!
 26109 | Spider:3 | Noticed Donald
 26732 | Spider:2 | Reached skill level 15 in Unarmed Combat
 26996 | Spider:3 | Noticed Mlioglotl
 27002 | Spider:3 | Reached XP level 18. HP: 200/200 MP: 25/25
 27006 | Spider:3 | Killed Mlioglotl
 27058 | Spider:2 | Killed Donald
 27410 | Spider:3 | Noticed Arachne
 27422 | Spider:3 | Killed Arachne
 27728 | Spider:3 | Noticed Asterion
 27735 | Spider:3 | Killed Asterion
 28061 | Orc:2    | Bought a potion of mutation for 104 gold pieces
 28061 | Orc:2    | Bought a potion of heal wounds for 65 gold pieces
 28061 | Orc:2    | Bought a potion of heal wounds for 65 gold pieces
 28061 | Orc:2    | Lost mutation: You occasionally lose the ability to read
                  | scrolls when taking damage. [potion of mutation]
 28061 | Orc:2    | Lost mutation: Your muscles are strong. (Str +4, Int/Dex
                  | -1) [potion of mutation]
 28061 | Orc:2    | Lost mutation: Your skin changes colour to match your
                  | surroundings (Stealth+). [potion of mutation]
 28061 | Orc:2    | Gained mutation: Your system is resistant to poisons.
                  | (rPois) [potion of mutation]
 28061 | Orc:2    | Gained mutation: You are somewhat resistant to further
                  | mutation. [potion of mutation]
 28061 | Orc:2    | Gained mutation: You occasionally shout uncontrollably at
                  | your foes. [potion of mutation]
 28061 | Orc:2    | Gained mutation: You are strong-willed. (Will+) [potion of
                  | mutation]
 28062 | Orc:2    | Lost mutation: You occasionally lose the ability to drink
                  | potions when taking damage. [potion of mutation]
 28062 | Orc:2    | Lost mutation: Your system is resistant to poisons. (rPois)
                  | [potion of mutation]
 28062 | Orc:2    | Lost mutation: You occasionally shout uncontrollably at
                  | your foes. [potion of mutation]
 28700 | Spider:4 | Entered Level 4 of the Spider Nest
 28925 | Spider:4 | Identified the +6 hand axe "Qujadou" {protect, Str+2}
 29707 | Spider:4 | Got a gossamer rune of Zot
 29789 | Spider:4 | Identified the +2 robe of Zelauga {Regen+ Int+2}
 30382 | Depths:2 | You fall into a shaft and drop 2 floors!
 30382 | Depths:4 | Entered Level 4 of the Depths
 30398 | Depths:4 | Noticed an ancient lich
 30403 | Depths:4 | Noticed a lich
 30410 | Depths:4 | Found a one-way gate to the infinite horrors of the Abyss.
 30424 | Depths:4 | Noticed a caustic shrike
 30424 | Depths:4 | Noticed a caustic shrike
 30424 | Depths:4 | Noticed a caustic shrike
 30430 | Depths:3 | Reached XP level 19. HP: 175/209 MP: 26/26
 30710 | Depths:2 | Reached skill level 18 in Fighting
 30720 | Depths:2 | Found Weqybori's Weapon Emporium.
 30865 | Depths:2 | Found a one-way gate leading to the halls of Pandemonium.
 31069 | Depths:2 | Noticed a juggernaut
 31077 | Depths:2 | Killed a juggernaut
 31226 | Depths:2 | Reached skill level 19 in Fighting
 31692 | Depths:3 | Reached skill level 20 in Fighting
 31828 | Depths:3 | Found a blossoming altar of Fedhas.
 31977 | Depths:3 | Noticed a juggernaut
 31984 | Depths:3 | Killed a juggernaut
 32007 | Depths:3 | Noticed a golden dragon
 32011 | Depths:3 | Reached skill level 21 in Fighting
 32013 | Depths:3 | Killed a golden dragon
 32532 | Depths:4 | Reached skill level 22 in Fighting
 32626 | Depths:3 | Reached XP level 20. HP: 239/239 MP: 27/27
 32750 | Depths:4 | Reached skill level 23 in Fighting
 32851 | Depths:4 | Found a one-way gateway to a ziggurat.
 32954 | Depths:4 | Noticed the Enchantress
 32965 | Depths:4 | Killed the Enchantress
 32974 | Depths:4 | Noticed Mennas
 32998 | Depths:4 | Killed Mennas
 33238 | Depths:4 | Found a gate to the Realm of Zot.
 33257 | Depths:4 | Got the Encyclopedia of Allied Damage
 33312 | Depths:4 | Identified the +0 leather armour of Yhiycsa {Regen+ Dex+3}
 33400 | Depths:4 | Noticed a golden dragon
 33411 | Depths:4 | Noticed a Tzitzimitl
 33415 | Depths:4 | Killed a golden dragon
 33704 | Depths:4 | Killed an ancient lich
 33788 | Depths:4 | Got the Verses on the Beaker and Creation
 34386 | Elf:1    | Entered Level 1 of the Elven Halls
 34405 | Elf:1    | Reached XP level 21. HP: 249/249 MP: 28/28
 34717 | Elf:1    | Got the Octavo of the Union
 35686 | Elf:2    | Found Geyhoam's Weapon Emporium.
 35759 | Elf:2    | Found a crumbling gateway.
 35775 | Desolati | Entered the Desolation of Salt
 36101 | Desolati | Identified the +7 war axe of Picaff {freeze, ^Contam rElec
                  | rF+ Int+7}
 36149 | Desolati | Identified the +0 scale mail of Moghobor {^Drain Int+3
                  | Stlth+}
 36231 | Desolati | Got the Grimoire of the Spatial Salamander
 36233 | Desolati | Identified the +4 halberd of the Unstoppable Tables {elec,
                  | rN++ Dex+2}
 36275 | Desolati | Identified the amulet "Riqirun" {Acrobat Rampage *Slow +Inv
                  | Str-5 Slay+4}
 36311 | Desolati | Got the Notes on Translocational Phlogiston
 36504 | Desolati | Identified the ring "Homaduek" {^Contam rC++ rCorr EV+5}
 36657 | Elf:2    | Paralysed by an air elemental for 1 turns
 36973 | Elf:2    | Found a runed translucent gate.
 36974 | Elf:2    | Found a runed translucent gate.
 36974 | Elf:2    | Found a runed translucent gate.
 37570 | Elf:3    | Entered Level 3 of the Elven Halls
 37571 | Elf:3    | Found Texkups's General Store.
 37617 | Elf:3    | Paralysed by an air elemental for 1 turns
 37696 | Elf:3    | Noticed Bai Suzhen
 37709 | Elf:3    | Killed Bai Suzhen
 37919 | Elf:3    | Reached XP level 22. HP: 260/260 MP: 29/29
 37936 | Elf:3    | Identified the quicksilver dragon scales "Ciats" {rPois rC+
                  | Will+}
 37952 | Elf:3    | Identified the +5 short sword of Understanding {vamp, rF++
                  | Will+ rCorr Int-2}
 38145 | Elf:3    | Identified the +3 mace "Leviticus" {heavy, rF- rC+ Will+}
 38145 | Elf:3    | Identified the amulet "Ifaufilabi" {Acrobat rC+ Slay+2}
 38196 | Elf:3    | Got Haojop's Spellbook of Rime
 38203 | Elf:3    | Got Wizardry Continued
 38310 | Elf:3    | Identified the amulet "Osacer" {Faith rPois}
 38603 | Elf:3    | Identified the +2 short sword of the Usurping Gods {venom,
                  | ^Contam rC+ rN+}
 38778 | Elf:3    | Found Nilots's Magic Scroll Shoppe.
 38942 | Elf:3    | Found Qicwah's Book Shoppe.
 39385 | Shoals:1 | Entered Level 1 of the Shoals
 40537 | Shoals:2 | Found Asariap's Distillery.
 40972 | Shoals:3 | Noticed Ilsuiw
 40989 | Shoals:3 | Killed Ilsuiw
 41199 | Shoals:3 | Noticed Polyphemus
 41204 | Shoals:3 | Killed Polyphemus
 41402 | Shoals:3 | Found Mwindo's Dragon-Slaying Spoils.
 41833 | Shoals:4 | Entered Level 4 of the Shoals
 41841 | Shoals:4 | Paralysed by an air elemental for 1 turns
 41845 | Shoals:4 | Paralysed by an air elemental for 1 turns
 42073 | Shoals:4 | Paralysed by an air elemental for 1 turns
 42109 | Shoals:4 | Identified the +5 chain mail of the Desolation of Salt
                  | {rPois Int+3}
 42129 | Shoals:4 | Got a barnacled rune of Zot
 42238 | Shoals:4 | Reached skill level 15 in Dodging
 42313 | Shoals:4 | Paralysed by an air elemental for 1 turns
 42317 | Shoals:4 | Paralysed by an air elemental for 1 turns
 42398 | Shoals:4 | Reached XP level 23. HP: 269/269 MP: 30/30
 42562 | Shoals:4 | Noticed Mara
 42565 | Shoals:4 | Noticed bmb222's illusion
 42578 | Shoals:4 | Paralysed by an air elemental for 1 turns
 42591 | Shoals:4 | Noticed bmb222's illusion
 42591 | Shoals:4 | Killed Mara
 43207 | Vaults:1 | Entered Level 1 of the Vaults
 43240 | Vaults:1 | Found Gintuakith's Jewellery Boutique.
 43815 | Vaults:1 | Reached skill level 1 in Armour
 43848 | Vaults:1 | Found Ipryexo's Jewellery Emporium.
 43940 | Vaults:1 | Found Tuimeash's Antique Weapon Shoppe.
 44022 | Vaults:1 | Found Ililig's Jewellery Shop.
 44026 | Vaults:1 | Bought the death talisman of Conscience {rF- Str+5 Int+3}
                  | for 2842 gold pieces
 44473 | Vaults:2 | Reached skill level 1 in Shields
 44882 | Vaults:2 | Noticed Margery
 44891 | Vaults:2 | Reached skill level 5 in Armour
 44896 | Vaults:2 | Killed Margery
 44897 | Vaults:2 | Reached skill level 5 in Shields
 44940 | Vaults:2 | Identified the orb "Azuviss" {light, rC- Regen+ Slay+2
                  | Earth}
 44940 | Vaults:2 | Noticed Frederick
 44993 | Vaults:2 | Killed Frederick
 45017 | Vaults:2 | Found a flickering gateway to a bazaar.
 45029 | Bazaar   | Entered a bazaar
 45062 | Bazaar   | Found Maeseluo's Armour Boutique.
 45066 | Bazaar   | Found Piho's Distillery.
 45066 | Bazaar   | Found Xeogaol's Antique Weapon Boutique.
 45067 | Bazaar   | Found Tepheagg's Magic Scroll Boutique.
 45072 | Bazaar   | Bought a scroll of torment for 114 gold pieces
 45077 | Bazaar   | Bought a potion of heal wounds for 50 gold pieces
 45077 | Bazaar   | Bought 2 potions of heal wounds for 100 gold pieces
 45077 | Bazaar   | Bought a potion of mutation for 80 gold pieces
 45077 | Bazaar   | Bought a potion of mutation for 80 gold pieces
 45077 | Bazaar   | Bought a potion of curing for 30 gold pieces
 45077 | Bazaar   | Bought a potion of haste for 100 gold pieces
 45922 | Vaults:3 | Reached XP level 24. HP: 260/278 MP: 30/30
 46271 | Vaults:3 | Found a staircase to the Crypt.
 46271 | Vaults:3 | Found a basalt altar of Yredelemnul.
 46272 | Vaults:3 | Found an ancient bone altar of Kikubaaqudgha.
 46379 | Vaults:3 | Found Jawio's Weapon Shop.
 47461 | Vaults:4 | Reached skill level 10 in Shields
 47532 | Vaults:4 | Got the Elucidation of Chrysopoeia
 48190 | Vaults:5 | Entered Level 5 of the Vaults
 49124 | Vaults:5 | Noticed an ancient lich
 49133 | Vaults:5 | Killed an ancient lich
 49134 | Vaults:5 | Reached skill level 24 in Fighting
 49134 | Vaults:5 | Reached XP level 25. HP: 289/289 MP: 30/30
 49456 | Vaults:5 | Identified the +6 scale mail of Indecent Exposure {Regen+}
 49464 | Vaults:5 | Got a silver rune of Zot
 50187 | Vaults:5 | Found Niebb's Antique Armour Shop.
 50217 | Vaults:5 | Found Yngiorat's Jewellery Shop.
 50576 | Slime:1  | Entered Level 1 of the Pits of Slime
 50586 | Slime:1  | Reached skill level 25 in Fighting
 50815 | Slime:1  | Gained mutation: You are frail. (-10% HP) [a shining eye]
 50859 | Slime:2  | Noticed Dissolution
 50869 | Slime:1  | Killed Dissolution
 51685 | Slime:5  | Entered Level 5 of the Pits of Slime
 51764 | Slime:5  | Reached skill level 26 in Fighting
 51794 | Slime:5  | Noticed the Royal Jelly
 51822 | Slime:5  | Killed the Royal Jelly
 52314 | Slime:5  | Reached XP level 26. HP: 280/280 MP: 30/30
 52391 | Slime:5  | Identified the +1 morningstar "Veule" {heavy, rPois rC++
                  | rN+ Int-5}
 52397 | Slime:5  | Identified the ring of Gecun {rF+ Int+2 Dex+6}
 52564 | Slime:5  | Identified the +8 short sword "Zasiah Kis" {freeze, rF-
                  | Str+4 Dex+5}
 52566 | Slime:5  | Identified the +10 plate armour of Proximity {rF- rCorr
                  | SInv Stlth+}
 52653 | Slime:5  | Identified the +6 chain mail of Zesucy {rN++ Stlth+}
 52666 | Slime:5  | Identified the ring "Loquj" {rF++ rC- rN+ Int+6 Slay+3}
 52676 | Slime:5  | Got a slimy rune of Zot
 52677 | Slime:5  | Identified the +1 short sword "Kaidur" {freeze, rPois rCorr
                  | Stlth+}
 53406 | Crypt:1  | Entered Level 1 of the Crypt
 53532 | Crypt:1  | Reached skill level 27 in Fighting
 55120 | Crypt:3  | Entered Level 3 of the Crypt
 55278 | Crypt:3  | Identified the +1 helmet of Viyfyvou {Stlth+}
 55387 | Crypt:3  | Noticed a dread lich
 55392 | Crypt:3  | Killed a dread lich
 55412 | Crypt:3  | Found an ancient bone altar of Kikubaaqudgha.
 55472 | Crypt:3  | Found a staircase to the Tomb.
 55580 | Crypt:3  | Reached skill level 15 in Shields
 55749 | Crypt:3  | Found the +7 great mace "Undeadhunter" {deathbane, rN+}
 56685 | Depths:3 | Voluntarily entered the Abyss.
 56943 | Abyss:1  | Reached XP level 27. HP: 262/290 MP: 30/30
 57226 | Abyss:1  | Found a corrupted altar of Lugonu.
 57308 | Abyss:1  | Found a corrupted altar of Lugonu.
 57342 | Abyss:2  | Identified the +1 tower shield of Amorality {Will+ Dex+4}
 57399 | Abyss:4  | Found an iron altar of Okawaru.
 57707 | Abyss:4  | Noticed a dread lich
 57717 | Abyss:4  | Killed a dread lich
 57740 | Abyss:5  | Found a corrupted altar of Lugonu.
 57880 | Abyss:5  | Noticed a dread lich
 57884 | Abyss:5  | Killed a dread lich
 57948 | Abyss:5  | Got an abyssal rune of Zot
 58024 | Depths:3 | Escaped the Abyss
 58234 | Zot:1    | Entered Level 1 of the Realm of Zot
 58286 | Zot:1    | Found an opulent altar of Gozag.
 58301 | Zot:1    | Found an opulent altar of Gozag.
 58733 | Zot:1    | Found an opulent altar of Gozag.
 59118 | Zot:1    | Noticed Grunn
 59126 | Zot:1    | Killed Grunn
 59626 | Zot:1    | Identified the +11 chain mail of the Distant Future
                  | {Will+++}
 59661 | Zot:1    | Identified the +4 falchion of Paunion {speed, rN+ Str+5}
 59886 | Zot:2    | Found the +4 dragonskin cloak
 59886 | Zot:2    | Noticed Tiamat
 59919 | Zot:2    | Killed from afar by a red draconian scorcher

Illustrated notes

Levels and vault maps discovered:
D:1:      nagdon_arrival_zigzag_paths, layout_loops_ring,
          ebering_ecumenical_altar_webs
D:2:      layout_basic
D:3:      layout_rooms
D:4:      layout_cave_pools, mainiacjoe_overflow_24_doors,
          kennysheep_slug_shrine, minmay_temple_entry_hall,
          gup_sewer_entry_spiral, minivault_11, nrook_uturn, nicolae_tricolors
D:5:      layout_loops_cross, uniq_duvessa
D:6:      layout_loops_ring, nicolae_ru_sacrificial_ziggurat,
          hangedman_minor_gate_pass
D:7:      layout_loops_ring, serial_shops, shop, nicolae_ossuary_entry_monument,
          uniq_maurice, uniq_menkaure, uniq_pikel, uniq_jeremiah
D:8:      layout_cave_pods, enter_bailey_3
D:9:      layout_layer_cave, orc_0_dummy, minmay_starry_boxes
D:10:     layout_long_grid, nicolae_overflow_macrodata_refinement,
          mainiacjoe_overflow_alcove_2, kennysheep_mini
D:11:     minmay_razor_zed, layout_loops_ring, lair_entry_dummy, kennysheep_nub,
          nicolae_tso_swordbearing_angel
D:12:     layout_long_grid, minivault_25_ag, uniq_sonja
D:13:     layout_basic, minivault_28, uniq_josephine
D:14:     layout_roguey, grunt_vaults_entry_tiered, enter_trove_1,
          nicolae_twisty_statue_hallways
D:15:     gammafunk_depths_entry_grave, layout_loops_ring, serial_park_paths
          [serial_park_minivault_5x5_4], gauntlet_entry_generic,
          portal_ice_cave_entry_dragon, kennysheep_inner_square
Temple:   nicolae_temple_figure_eight
Lair:1:   layout_regular_city, grunt_megastairs_2
Lair:2:   layout_misc_corridors, elwin_shoals_entry_stream,
          cheibrodos_lair_reptile_den
Lair:3:   gammafunk_cloud_chamber, layout_chaotic_city, dummy_spider_entry,
          uniq_gastronok
Lair:4:   layout_loops_ring, uniq_nessos
Lair:5:   due_jungle_book, layout_regular_city, slime_entry_1
Shoals:1: layout_shoals
Shoals:2: layout_shoals, serial_shops, nicolae_lakefront_shop,
          nicolae_shoals_lost_giant_amphitheater
Shoals:3: layout_shoals, nicolae_shop_dragon_depot, uniq_ilsuiw, uniq_polyphemus
Shoals:4: shoals_end_hellmonk_storm_palace [storm_palace_center_circular,
          storm_palace_corner_blocked, storm_palace_corner_pillars,
          storm_palace_corner_pillars, storm_palace_corner_narrow], uniq_mara
Spider:1: layout_spider_delve, uniq_roxanne, uniq_aizul
Spider:2: layout_spider_delve
Spider:3: layout_spider_delve, hellmonk_narrow_tunnel,
          hangedman_spider_tarantella_strand, uniq_donald, uniq_arachne,
          uniq_asterion, uniq_mlioglotl
Spider:4: grunt_spider_rune_circles
Slime:1:  layout_caves, nicolae_slime_getting_an_eyeful
Slime:2:  layout_caves, dissolution_awaits
Slime:3:  layout_caves, nicolae_slime_phagocytosis
Slime:4:  layout_caves
Slime:5:  slime_pit_nicolae_trefoil
Orc:1:    layout_diamond_mine
Orc:2:    grunt_orc_cross, layout_caves, serial_shops, nicolae_shop_peninsula,
          nicolae_volcano_entry_vermiform, uniq_azrael, uniq_rupert,
          uniq_jorgrun
Elf:1:    minmay_elf_arrival_plus, layout_rooms, minmay_elf_demonology
Elf:2:    nicolae_elf_blades_crystal_corner, layout_onion_city,
          portal_desolation_entry_nicolae_slug, serial_shops,
          nicolae_shop_tiny_real_fake_doors, david_greed
Elf:3:    elf_hall_gauntlet_narrow, layout_loops_corners, serial_shops,
          nicolae_shop_waterfront, nicolae_shop_rolling_square,
          nicolae_shop_peninsula, uniq_bai_suzhen
Vaults:1: nicolae_vaults_bisected_exclaves, nicolae_vaults_stairing_the_circle,
          ontoclasm_vaults_fault, nicolae_vaults_two_Ls, v_misc_2,
          nicolae_vaults_network_s, v_misc_12, wander_protected_by_tso,
          nicolae_vaults_closet_pinwheel_1, vaults_room_large_hall,
          nicolae_vaults_little_squares_5, vaults_dpeg_encased_lava,
          nicolae_vaults_asterisk, layout_vaults_ring, serial_shops,
          shop_statue, nicolae_shop_back_alley_shop, shop, shop
Vaults:2: grunt_vaults_hallway_long, gargoyle_guard, dpeg_vaults_monster_row,
          v_alt_pattern_2, nicolae_vaults_little_squares_3, v_alt_pattern_2,
          v_misc_23, nicolae_vaults_sealed_display, layout_vaults_omnibox,
          serial_shops, bzr_firewalk, uniq_frederick, uniq_margery
Vaults:3: hangedman_vaults_pinch, vaults_room_hangedman_quadrants,
          vaults_mumra_hexcomb, nicolae_vaults_trapezoid_4, v_misc_16,
          nicolae_vaults_network_periphery, hangedman_vaults_slice,
          minmay_crypt_entry_necro_gods, nicolae_vaults_turnstiles,
          ontoclasm_vaults_gateway, nicolae_vaults_layer_cake_slice,
          nicolae_vaults_shelves_hall, nicolae_vaults_six-pack,
          nicolae_vaults_tetromino_Z_2, nicolae_vaults_bisected_slash,
          layout_vaults_maze_bifur, serial_shops, shop
Vaults:4: nicolae_vaults_little_squares_2, nicolae_vaults_border_crossing,
          ontoclasm_vaults_chip, v_misc_3,
          vaults_standard_mumra_enter_the_diamond, vaults_room_stairs_pillars,
          layout_vaults_quadrants
Vaults:5: serial_shops
Crypt:1:  layout_misc_corridors, nicolae_crypt_crumbling_hall
Crypt:2:  layout_basic
Crypt:3:  cryptofortress_bobbens
Depths:1: layout_gridville, chequers_serial_rivers_large_b, hell_entry,
          okawaru_altar_gauntlet_db, minmay_shop_star
Depths:2: gold_lair_mu, layout_gridlike, hell_entry, serial_curves,
          eino_curves_02, eino_curves_03, serial_shops,
          nicolae_shop_bloodbath_and_beyond, rand_demon_pan_entry_3
Depths:3: hangedman_cross_veins, layout_cave_shapes, grunt_metal_band,
          rand_demon_pan_entry_5, minmay_hedge_maze, abyss_entry_crystal,
          fedhas_altar_4
Depths:4: hangedman_pleasuredromes, hell_entry, abyss_entry, uniq_josephina,
          uniq_enchantress, uniq_mennas
Zot:1:    layout_gridlike, regret_index_zotdec_silver_v_v_loose,
          st_large_dragon_hoard_2, grunt_megastairs_5, uniq_grunn
Zot:2:    layout_misc_corridors, grunt_megastairs_3, uniq_tiamat

Skill      XL: |  1  2  3  4  5  6  7  8  9 10 11 12 13 14 15 16 17 18 19 20 21 22 23 24 25 26 27 |
---------------+----------------------------------------------------------------------------------+-----
Dodging        | 2 3 4 5 6 7 8 10 12 15 16 21 | 21.7
Fighting       | 2 3 4 5 7 9 10 11 13 15 17 22 23 24 26 27 | 27.0
Unarmed Combat | 3 4 6 8 9 11 12 15 18 20 | 20.9
Shapeshifting  | 4 6 8 9 10 12 16 18 20 22 23 | 23.3
Invocations    | 4 10 | 10.5
Armour         | 6 8 |  8.9
Shields        | 7 11 15 | 15.2
Stealth        | |  0.7

Action                     |  1- 3 |  4- 6 |  7- 9 | 10-12 | 13-15 | 16-18 | 19-21 | 22-24 | 25-27 || total
---------------------------+-------+-------+-------+-------+-------+-------+-------+-------+-------++-------
  Melee: Unarmed           |    92 |   123 |   367 |   596 |   750 |   893 |   911 |  1071 |  1486 ||  6289
         Headbutt          |    10 |    20 |    72 |    82 |     9 |    97 |   183 |   152 |   253 ||   878
         Punch             |       |       |     9 |    28 |     1 |    47 |    90 |    55 |    69 ||   299
         Constrict         |       |       |       |    22 |   108 |    77 |       |       |       ||   207
         Tailslap          |       |       |       |       |       |       |       |    79 |    94 ||   173
         Bite              |       |       |       |       |       |       |       |    56 |    77 ||   133
 Invoke: Elemental Force   |       |       |       |       |     6 |     8 |     2 |     3 |       ||    19
         Disaster Area     |       |       |       |       |     3 |     2 |       |     5 |       ||    10
         Upheaval          |       |       |       |       |       |    18 |     5 |       |     3 ||    26
Ability: Breathe Fire      |       |       |       |       |       |       |       |    11 |     2 ||    13
         Siphon Essence    |       |       |       |       |       |       |       |     7 |     1 ||     8
  Evoke: Wand              |       |     6 |     2 |     8 |     4 |    15 |       |       |       ||    35
         Phial of floods   |       |       |       |       |       |     1 |       |       |       ||     1
         Tin of tremorston |       |       |       |       |       |     1 |       |       |       ||     1
    Use: Scroll            |       |       |     6 |    12 |     4 |     9 |     2 |     2 |     4 ||    39
         Potion            |       |       |     7 |     3 |     3 |    16 |     3 |       |     2 ||    34
   Stab: Sleeping          |       |       |     2 |       |       |       |       |       |       ||     2
         Paralysed         |       |       |       |       |     2 |     1 |     1 |     5 |       ||     9
         Distracted        |       |       |       |       |     1 |     1 |       |     1 |       ||     3
         Invisible         |       |       |       |       |       |     1 |       |       |       ||     1
 Armour: Animal skin       |    90 |    69 |   126 |       |       |       |       |       |       ||   285
         Skin              |       |       |    20 |    78 |   403 |  1469 |  1258 |   433 |   385 ||  4046
         Robe              |       |       |    35 |    76 |       |       |       |       |       ||   111
         Troll leather arm |       |       |       |   114 |    35 |       |       |       |       ||   149
         Acid dragon scale |       |       |       |       |       |       |    16 |   158 |   240 ||   414
  Dodge: Dodged            |    49 |    95 |   204 |   376 |   466 |   854 |   616 |   611 |   601 ||  3872
         Repelled          |       |       |       |       |     2 |     5 |    29 |    17 |    35 ||    88
  Block: Other             |       |       |     8 |    92 |   170 |   337 |   286 |   171 |   121 ||  1185
         Kite shield       |       |       |       |       |       |       |       |   319 |   706 ||  1025
   Form: Beast             |       |       |       |     1 |       |       |       |       |       ||     1
         Flux              |       |       |       |     1 |       |       |       |       |       ||     1
         Serpent           |       |       |       |     1 |     1 |     1 |       |       |     1 ||     4
         Blade             |       |       |       |       |     1 |       |     1 |       |       ||     2
         Statue            |       |       |       |       |       |     2 |     1 |       |     1 ||     4
         Dragon            |       |       |       |       |       |       |     1 |     1 |     2 ||     4
         Death             |       |       |       |       |       |       |       |     1 |     2 ||     3

Table legend: (Time is in decaauts)
 A = Elapsed time spent in this place.
 B = Non-inter-level travel time spent in this place.
 C = Inter-level travel time spent in this place.
 D = Time resting spent in this place.
 E = Time spent auto-exploring this place.
 F = Levels seen in this place.
 G = Mean time per level.
                   A        B        C        D        E       F      G
               +--------+--------+--------+--------+--------+-----+--------+
         Total |  63693 |  57349 |   6344 |   8469 |  34107 |  65 |  979.9 |
       Dungeon |  15966 |  13126 |   2840 |   1386 |   9290 |  15 | 1064.4 |
        Temple |     28 |      9 |     19 |      0 |      0 |   1 |   28.0 |
          Lair |   5632 |   4646 |    986 |    362 |   3461 |   5 | 1126.4 |
        Shoals |   3561 |   3437 |    124 |      0 |   2761 |   4 |  890.2 |
   Spider Nest |   6380 |   5921 |    459 |   2030 |   2694 |   4 | 1595.0 |
    Slime Pits |   2387 |   2245 |    142 |    511 |    915 |   5 |  477.4 |
  Orcish Mines |   1567 |   1275 |    292 |    243 |    709 |   2 |  783.5 |
   Elven Halls |   3773 |   3585 |    188 |    393 |   2083 |   3 | 1257.7 |
        Vaults |   7170 |   6600 |    570 |    780 |   4276 |   5 | 1434.0 |
         Crypt |   2684 |   2452 |    232 |      0 |   1567 |   3 |  894.7 |
        Depths |   7883 |   7462 |    421 |   1761 |   3995 |   4 | 1970.8 |
           Zot |   1727 |   1661 |     66 |    378 |    817 |   2 |  863.5 |
         Abyss |   1195 |   1195 |      0 |     31 |    101 |   5 |  239.0 |
        Bazaar |     71 |     71 |      0 |      0 |     54 |   1 |   71.0 |
         Sewer |    957 |    957 |      0 |    143 |    571 |   1 |  957.0 |
       Ossuary |    565 |    565 |      0 |    126 |    239 |   1 |  565.0 |
        Bailey |    301 |    301 |      0 |     11 |    115 |   1 |  301.0 |
       Volcano |    235 |    235 |      0 |     52 |     58 |   1 |  235.0 |
    Desolation |   1145 |   1145 |      0 |    111 |    387 |   1 | 1145.0 |
      Gauntlet |    459 |    459 |      0 |    149 |     12 |   1 |  459.0 |
               +--------+--------+--------+--------+--------+-----+--------+

Top non-repeatable levels by time:
Vaults:4: 2317 daAuts
Depths:4: 2193 daAuts
Depths:3: 2084 daAuts
Depths:2: 1974 daAuts
Spider:2: 1774 daAuts
Spider:1: 1701 daAuts
Spider:4: 1696 daAuts
Depths:1: 1630 daAuts
   Zot:1: 1602 daAuts
  Lair:5: 1574 daAuts
   Elf:3: 1554 daAuts
    D:11: 1510 daAuts
     D:5: 1487 daAuts
     D:6: 1359 daAuts
Vaults:5: 1332 daAuts
